 Dungeon Crawl Stone Soup version 0.28.0-45-g0d030f2227 (webtiles) character file.

Game seed: 5746227526010490041

213 McKennaii the Conjurer (level 5, -3/35 HPs)
             Began as a Demonspawn Conjurer on Apr 8, 2022.
             Slain by an acid dragon (14 damage)
             ... on level 4 of the Dungeon.
             The game lasted 00:03:03 (3501 turns).

McKennaii the Conjurer (Demonspawn Conjurer)        Turns: 3501, Time: 00:03:04

Health: -3/35      AC:  0    Str:  7    XL:     5   Next: 59%
Magic:  0/11       EV: 12    Int: 21    God:
Gold:   122        SH:  0    Dex: 12    Spells: 9/12 levels left

rFire   . . .      SeeInvis .   k - +0 dagger (venom)
rCold   . . .      Faith    .   (no shield)
rNeg    . . .      Spirit   .   a - +0 robe
rPois   .          Reflect  .   l - +0 helmet
rElec   .          Harm     .   (no cloak)
rCorr   .          Rampage  .   (no gloves)
Will    .....                   e - +0 pair of boots
Stlth   ++........              (no amulet)
HPRegen 0.11/turn               (no ring)
MPRegen 0.12/turn               (no ring)

@: mighty, corroded
A: powered by pain 2
a: no special abilities


You were on level 4 of the Dungeon.
You visited 1 branch of the dungeon, and saw 4 of its levels.

You collected 122 gold pieces.

Inventory:

Hand Weapons
 k - a +0 dagger of venom (weapon)
Armour
 a - a +0 robe (worn)
 e - a +0 pair of boots (worn)
 l - a +0 helmet (worn)
Jewellery
 n - a ring of ice
Wands
 d - a wand of flame (17)
Scrolls
 b - a scroll of immolation {unknown}
 f - a scroll of magic mapping {unknown}
 g - 2 scrolls of blinking {unknown}
 i - a scroll of teleportation {unknown}
 j - 2 scrolls of identify {unknown}
 p - 2 scrolls of enchant armour {unknown}
Potions
 c - 2 potions of heal wounds {unknown}
 h - 2 potions of berserk rage {unknown}
 m - 2 potions of curing {unknown}
 o - a potion of invisibility {unknown}
 q - a potion of magic {unknown}
 r - a potion of brilliance {unknown}


   Skills:
 - Level 2.0 Dodging
 - Level 2.0 Stealth
 + Level 4.0 Spellcasting
 + Level 5.5 Conjurations


You had 9 spell levels left.
You knew the following spells:

 Your Spells              Type           Power      Damage    Failure   Level
a - Magic Dart            Conj           100%       1d8       1%          1
b - Searing Ray           Conj           54%        2d6       1%          2

Your spell library contained the following spells:

 Spells                   Type           Power      Damage    Failure   Level
 Dazzling Flash           Conj/Hex       30%        N/A       12%         3
 Fulminant Prism          Conj/Hex       7%         3d7       36%         4
 Iskenderun's Mystic Bla  Conj/Tloc      15%        2d5       36%         4


Dungeon Overview and Level Annotations

Branches:
Dungeon (4/15)
 Temple: D:4-7

Altars:
Okawaru
Xom

Shops:
D:3 ?


Innate Abilities, Weirdness & Mutations

You sometimes gain power by taking damage.


Message History

There are monsters nearby!
The magic dart hits the adder skeleton.
The adder skeleton is heavily damaged.
There are monsters nearby!
The magic dart hits the ball python.
You kill the ball python!
An acid dragon comes into view.
There are monsters nearby!
The magic dart hits the endoplasm!
You kill the endoplasm!
There are monsters nearby!
The magic dart hits the acid dragon.
The acid dragon is lightly wounded.
An acid dragon is nearby!
Found a scroll labelled ILLELI HAJICHO.
You see here a ball python corpse.
You hit the acid dragon but do no damage.
The acid dragon is lightly wounded.
The acid dragon spits acid at you. The splash of acid hits you!!
Ouch! That really hurt!
* * * LOW HITPOINT WARNING * * *
You focus on the pain.
You feel very mighty all of a sudden. The acid corrodes you!
Casting: Magic Dart (safe; 1% risk of failure)
Confirm with . or Enter, or press ? or * to list all spells.
Aiming: Searing Ray (safe; 1% risk of failure)
Press: ? - help, Shift-Dir - straight line, f/p - acid dragon
Aim: an acid dragon (lightly wounded, catching its breath, 79% to hit)
The searing ray hits the acid dragon.
The acid dragon is moderately wounded.
The searing ray hits the adder skeleton!
You destroy the adder skeleton! (Press . to maintain the ray.)
The acid dragon closely misses you. The acid dragon completely misses you.
You hit the acid dragon.
The acid dragon is heavily wounded.
The acid dragon bites you!
You die...

#............
###########............
##.........##...........
#.......................
#..##...###...##.........
# #.#.#(#.#.###.......⌠
#...#.#...# #........
#....###..†###. ........
#..#. #@#.# .# ........
#. .. #D#.#.# .. ..(.....
## ..#.#.#..###........
?..# #.#.. ###. #..## .
##. # #


You could see an acid dragon.

Vanquished Creatures
  A scorpion (D:3)
  A hound (D:4)
  A hound skeleton (D:3)
  Robin (D:2)
  2 adder skeletons (D:4)
  A worm (D:3)
  3 dart slugs
  4 orcs
  8 endoplasms
  10 hobgoblins
  3 kobolds (D:3)
  2 quokkas
  7 ball pythons
  5 bats
  3 frilled lizards
  17 goblins
  7 rats
76 creatures vanquished.

Notes
Turn   | Place    | Note
-------+----------+-------------------------------------------
     0 | D:1      | McKennaii the Demonspawn Conjurer began the quest for the
                  | Orb.
     0 | D:1      | Reached XP level 1. HP: 13/13 MP: 3/3
   340 | D:1      | Found a faded altar of an unknown god.
   596 | D:1      | Gained mutation: You sometimes gain a little power by
                  | taking damage. [demonic ancestry]
   596 | D:1      | Reached XP level 2. HP: 19/19 MP: 3/5
  1347 | D:2      | Noticed Robin
  1395 | D:2      | Reached XP level 3. HP: 24/24 MP: 2/6
  1509 | D:2      | Killed Robin
  2317 | D:3      | Found Sezoaxes's Magic Scroll Emporium.
  2472 | D:3      | Reached XP level 4. HP: 30/30 MP: 6/8
  2980 | D:3      | Reached skill level 5 in Conjurations
  3085 | D:3      | Found an iron altar of Okawaru.
  3085 | D:3      | Noticed a scorpion
  3091 | D:3      | Killed a scorpion
  3092 | D:3      | Gained mutation: You sometimes gain power by taking damage.
                  | [demonic ancestry]
  3092 | D:3      | Reached XP level 5. HP: 25/35 MP: 4/10
  3096 | D:3      | Learned a level 2 spell: Searing Ray
  3182 | D:3      | Found a shimmering altar of Xom.
  3495 | D:4      | Noticed an acid dragon
  3501 | D:4      | Slain by an acid dragon

Illustrated notes

Levels and vault maps discovered:
D:1:      dpeg_arrival_court, layout_rooms,
          shapermc_ecumenical_altar_flowoftime, grunt_decor_fettered
D:2:      layout_basic, uniq_robin
D:3:      layout_rooms, gammafunk_temple_overflow_pools, serial_glass,
          glass_columns_a, glass_columns_b, feat_on_display,
          minmay_strange_pillars, serial_shops, shop_statue,
          grunt_decor_resistance, nrook_mini_backslash
D:4:      layout_cave_pools, minmay_temple_entry_sparse_star,
          serial_column_ruins, column_ruins_hut, column_ruins_open_large,
          column_ruins_grid_1, column_ruins_grid_1, column_ruins_grid_4,
          column_ruins_corridor_straight, column_ruins_open_small,
          minmay_starry_boxes

Skill      XL: |  1  2  3  4  5 |
---------------+----------------+-----
Dodging        | 2 |  2.0
Stealth        | 2 |  2.0
Spellcasting   | 3 4 |  4.0
Conjurations   | 5 |  5.5

Action                   |  1- 3 |  4- 6 || total
-------------------------+-------+-------++-------
Melee: Unarmed           |     9 |       ||     9
       Dagger            |    16 |    15 ||    31
 Cast: Magic Dart        |    96 |    71 ||   167
       Searing Ray       |       |     1 ||     1
Armor: Robe              |    19 |     2 ||    21
Dodge: Dodged            |    29 |    12 ||    41
